Workbook
Name _________PJ50: #REF!
Name _________PJ50: #REF!
Name ________PJ50: #REF!
Name ________PJ50: #REF!
Name _______PJ50: #REF!
Name _______PJ50: #REF!
Name ______PJ50: #REF!
Name ______PJ50: #REF!
Name _____A1: #REF!
Name _____A1: #REF!
Name _____CON123: #REF!
Name _____CON123: #REF!
Name _____EQP1: #REF!
Name _____EQP1: #REF!
Name _____EQP2: #REF!
Name _____EQP2: #REF!
Name _____eqp27: #REF!
Name _____eqp27: #REF!
Name _____EQP3: #REF!
Name _____EQP3: #REF!
Name _____EQP4: #REF!
Name _____EQP4: #REF!
Name _____M14: #REF!
Name _____M14: #REF!
Name _____MAT1111: #REF!
Name _____MAT1111: #REF!
Name _____MAT170: #REF!
Name _____MAT170: #REF!
Name _____MAT171: #REF!
Name _____MAT171: #REF!
Name _____MAT832: #REF!
Name _____MAT832: #REF!
Name _____MAY88: '[1]Base Datos'!$B$11
Name _____PJ50: #REF!
Name _____PJ50: #REF!
Name ____A1: #REF!
Name ____A1: #REF!
Name ____CON123: #REF!
Name ____CON123: #REF!
Name ____EQP1: #REF!
Name ____EQP1: #REF!
Name ____EQP2: #REF!
Name ____EQP2: #REF!
Name ____eqp27: #REF!
Name ____eqp27: #REF!
Name ____EQP3: #REF!
Name ____EQP3: #REF!
Name ____EQP4: #REF!
Name ____EQP4: #REF!
Name ____M14: #REF!
Name ____M14: #REF!
Name ____MAT1111: #REF!
Name ____MAT1111: #REF!
Name ____MAT170: #REF!
Name ____MAT170: #REF!
Name ____MAT171: #REF!
Name ____MAT171: #REF!
Name ____MAT832: #REF!
Name ____MAT832: #REF!
Name ____MAY88: '[1]Base Datos'!$B$11

Sheet PRESUPUESTO GRAL
B3: GOBERNACION DEL MAGDALENA
B4: PRESUPUESTO MEJORAMIENTO DE COLEGIOS ZONA NORTE
B7: N° | C7: DESCRIPCION | D7: UND | E7: CANT | F7: VR.UNITARIO | G7: VR PARCIAL | H7: VR CAPITULO
B9: 1 | C9: PRELIMINARES | H9: =+SUM(G10:G12) -> 259779618
B10: 1.1 | C10: Localizacion y replanteo edificaciones (medido como el area objeto de construccion) | D10: M2 | E10: 3570 | F10: ='A.P.U Preliminares'!G5 -> 6073 | G10: =+E10*F10 -> 21680610
B11: 1.2 | C11: Demolicion de construcciones existentes hasta nivel de piso. incluye acarreo interno, cargue, transporte y disposicion final de material sobrante en botaderos oficiales. | D11: M2 | E11: 765 | F11: ='A.P.U Preliminares'!G15 -> 160327 | G11: =+E11*F11 -> 122650155
B12: 1.3 | C12: Demolicion de concretos enterrados (provision). Incluye acarreo interno, cargue, transporte y disposicion final de material sobrante en botaderos oficiales. | D12: M3 | E12: 433.5 | F12: ='A.P.U Preliminares'!G27 -> 266318 | G12: =+E12*F12 -> 115448853
B13: 2 | C13: MOVIMIENTOS DE TIERRA | H13: =SUM(G14:G18) -> 7.7609146e+08
B14: 2.1 | C14: Descapote + excavacion masiva para nivelacion e implantacion del proyecto y para tanques de agua con bombeo de aguas freaticas donde aplique. Incluye cargue, transporte y disposicion final en sitios autorizados. Medido en planos | D14: M3 | E14: 244.8 | F14: ='Movimientos de tierra'!G5 -> 191217 | G14: =+E14*F14 -> 46809922
B15: 2.2 | C15: Excavacion manual para fundaciones y redes 0-2.00 m. con bombeo de aguas freaticas donde aplique. Incluye transporte interno, cargue y disposicion final en sitios autorizados. Medido en planos | D15: M3 | E15: 918 | F15: ='Movimientos de tierra'!G15 -> 210261 | G15: =+E15*F15 -> 193019598
B16: 2.3 | C16: Compactacion de subrasante | D16: M2 | E16: 1530 | F16: ='Movimientos de tierra'!G27 -> 6765 | G16: =+E16*F16 -> 10350450
B17: 2.4 | C17: Lleno compactado en material seleccionado para rellenos alrededor de estructuras y redes. Medido en planos | D17: M3 | E17: 918 | F17: ='Movimientos de tierra'!G38 -> 343733 | G17: =+E17*F17 -> 315546894
B18: 2.5 | C18: Lleno compactado para losas de contrapiso y circulaciones exteriores con recebo tipo Invias. Espesor según estudio de suelos. Medido en planos | D18: M3 | E18: 612 | F18: ='Movimientos de tierra'!G49 -> 343733 | G18: =+E18*F18 -> 210364596
B19: 3 | C19: CIMENTACIONES Y ESTRUCTURA | H19: =SUM(G20:G28) -> 5049555900
B20: 3.1 | C20: Armado y vaciado de zapatas y/o dados en concreto F'c 21 Mpa | D20: M3 | E20: 1836 | F20: ='Cimentaciones y estructuras'!G5 -> 1190000 | G20: =+E20*F20 -> 2184840000
B21: 3.2 | C21: Armado y vaciado de vigas de cimentacion en concreto F'c=21 Mpa. Formaleteadas. | D21: M3 | E21: 238.68 | F21: ='Cimentaciones y estructuras'!G17 -> 1250000 | G21: =+E21*F21 -> 298350000
B22: 3.3 | C22: Armado y vaciado de vigas de amarre sobre muro en concreto F'c=21 Mpa. Formaleteadas. | D22: M3 | E22: 238.68 | F22: ='Cimentaciones y estructuras'!G30 -> 1440000 | G22: =+E22*F22 -> 3.436992e+08
B23: 3.4 | C23: Solado en concreto f'c 14 mpa E: 0.05 m. | D23: M2 | E23: 3672 | F23: ='Cimentaciones y estructuras'!G43 -> 128900 | G23: =+E23*F23 -> 473320800
B24: 3.5 | C24: Losa de contrapiso en concreto F'c 21 Mpa. E: 0.10 m | D24: M2 | E24: 612 | F24: ='Cimentaciones y estructuras'!G53 -> 304000 | G24: =+E24*F24 -> 186048000
B25: 3.6 | C25: Armado + vaciado de columnetas de confinaiento en concreto visto F'c 21 Mpa. | D25: M3 | E25: 24.48 | F25: ='Cimentaciones y estructuras'!G65 -> 1480000 | G25: =+E25*F25 -> 36230400
B26: 3.7 | C26: Armado y vaciado de rampa en concreto visto F'c 21 Mpa. | D26: M3 | E26: 51 | F26: ='Cimentaciones y estructuras'!G78 -> 1530000 | G26: =+E26*F26 -> 78030000
B27: 3.8 | C27: Suministro e instalación de acero figurado fy 420 Mpa | D27: KG | E27: 73950 | F27: ='Cimentaciones y estructuras'!G91 -> 11650 | G27: =+E27*F27 -> 861517500
B28: 3.9 | C28: Suministro e instalación de mallas electrosoldadas fy 493 Mpa | D28: KG | E28: 40800 | F28: ='Cimentaciones y estructuras'!G104 -> 14400 | G28: =+E28*F28 -> 587520000
B29: 4 | C29: ESTRUCTURA METALICA | H29: =+G30 -> 1088850000
B30: 4.1 | C30: Suministro e instalación de estructuras metálicas para cubiertas. Incluye perfiles, platinas, pernos, anclajes, soldaduras y accesorios acorde con el diseño estructural. Incluye limpieza mecanica, pintura anticorrosiva y pintura de acabado de acabado final según planos estructurales. | D30: KG | E30: 25500 | F30: ='Estructura Metálica'!G5 -> 42700 | G30: =+F30*E30 -> 1088850000
B31: 5 | C31: CUBIERTAS | H31: =+SUM(G32:G34) -> 1674072960
B32: 5.1 | C32: Cubierta en teja termo acústica en UPVC (policroruro de vinilo no plastificado) con núcleo de polímero alto de fibra de carbono y recubrimiento en PMMA, color blanco. Incluye transporte y todos los accesorios requeridos para su correcta instalacion y funcionamiento. | D32: M2 | E32: 3264 | F32: =Cubiertas!G5 -> 211350 | G32: =+E32*F32 -> 689846400
B33: 5.2 | C33: Mortero pendientado cubiertas. Mortero impermeabilizado 1:4. Incluye medias cañas perimetrales para remates de impermeabilizacion. | D33: M2 | E33: 3264 | F33: =Cubiertas!G16 -> 192540 | G33: =+E33*F33 -> 628450560
B34: 5.3 | C34: Cielo raso plano en drywall, incluye estructura de soporte en aluminio instalado y pintado | D34: M2 | E34: 3264 | F34: =Cubiertas!G28 -> 109000 | G34: =+E34*F34 -> 355776000
B35: 6 | C35: MAMPOSTERIA, DIVISIONES Y ELEMENTOS NO ESTRUCTURALES | H35: =SUM(G36:G37) -> 1400207040
B36: 6.1 | C36: Muro en bloque Bloque cemento 10x19x39cm. Muros divisorios y machones. Incluye refuerzo horizontal y remates laterales en poron + sellador tipo Sikaflex de Sika o equivalente. | D36: M2 | E36: 4896 | F36: =Mamposteria!G5 -> 224540 | G36: =+E36*F36 -> 1099347840
B37: 6.2 | C37: Sobrecimiento en bloque de concreto formato 10x19x40 color gris f'm 12 Mpa. 1 hilada. Incluye pañete con mortero 1:4 con impermeabilizante integral Sika 1 de Sika o equivalente | D37: ML | E37: 4080 | F37: =Mamposteria!G20 -> 73740 | G37: =+E37*F37 -> 300859200
B38: 7 | C38: RECUBRIMIENTOS | H38: =SUM(G39:G44) -> 1175871300
B39: 7.1 | C39: Pañete de muros. Incluye lineales, fajas, filetes y ranuras. | D39: M2 | E39: 4284 | F39: =Recubrimientos!G5 -> 56400 | G39: =+E39*F39 -> 241617600
B40: 7.2 | C40: Estuco plastico muros. Incluye fajas, filetes y ranuras | D40: M2 | E40: 4284 | F40: =Recubrimientos!G17 -> 44300 | G40: =+E40*F40 -> 189781200
B41: 7.3 | C41: Pintura muros con pintura tipo 1 para interiores de alta durabilidad - tres manos. Colores según detalle de arquitectura. | D41: M2 | E41: 4284 | F41: =Recubrimientos!G29 -> 41200 | G41: =+E41*F41 -> 176500800
B42: 7.4 | C42: Pintura muros pintura acrilica base de agua para exteriores de alta durabilidad - tres manos. Colores según detalle de arquitectura. | D42: M2 | E42: 4284 | F42: =Recubrimientos!G41 -> 59800 | G42: =+E42*F42 -> 256183200
B43: 7.5 | C43: Nomenclatura de acceso a aulas y baños. Pictograma de 0.70x1.20 m. según detalle de arquitectura. Pintura acrilica base de agua para exteriores de alta durabilidad - tres manos. | D43: UND | E43: 765 | F43: =Recubrimientos!G51 -> 66500 | G43: =+E43*F43 -> 50872500
B44: 7.6 | C44: Enchape en baños y cocina. Cerámica color blanco formato 20.5x20.5 cm de Corona o equivalente segun detalle de arquitectura. Incluye adhesivo y boquilla de base cementosa tipo Pegacor Cerámico y Concolor Junta Universal de Corona o equivalente + remate superior en moldura PVC según detalle de arquitectura. | D44: M2 | E44: 2040 | F44: =Recubrimientos!G63 -> 127900 | G44: =+E44*F44 -> 260916000
B45: 8 | C45: PISOS Y ZOCALOS | H45: =SUM(G46) -> 381156150
B46: 8.1 | C46: Piso en concreto pulido y enducrecido. Concreto F'c 28 Mpa - E: 0.10 m. con endurecedor de cuarzo tipo Sikafloor 3 Quartz top color gris claro. Pulido con allanadora de piso y dilataciones cortadas segun detalle de arquitectura | D46: M2 | E46: 2550 | F46: 149473 | G46: =+E46*F46 -> 381156150
B47: 9 | C47: BAÑOS Y COCINAS | H47: =SUM(G48:G56) -> 1792466400
B48: 9.1 | C48: Orinal Ref. O43101001 Gotta Entrada posterior con válvula antivandálica de empotrar tipo push Ref.: 751290001 color blanco de Corona o equivalente. Incluye todos los accesorios requeridos para su correcta instalacion y funcionamiento. | D48: UND | E48: 408 | F48: ='Baños y cocinas'!G5 -> 1467000 | G48: =+E48*F48 -> 598536000
B49: 9.2 | C49: Sanitario para baño PMR Ref.: 013191001 Taza Adriatica entrada posterior color blanco con válvula antivandálica de empotrar tipo push Ref. 751250001 de Corona o equivalente. Incluye todos los accesorios requeridos para su correcta instalacion y funcionamiento. | D49: UND | E49: 408 | F49: ='Baños y cocinas'!G16 -> 1431300 | G49: =+E49*F49 -> 583970400
B50: 9.3 | C50: Grifería para lavamanos institucional Ref. MX1020001 Push Mesa Max de Corona o equivalente con sistema push antivandálico. Incluye todos los accesorios para su instalacion y correcto funcionamiento. | D50: UND | E50: 204 | F50: ='Baños y cocinas'!G29 -> 551300 | G50: =+E50*F50 -> 112465200
B51: 9.4 | C51: Barras de seguridad recta de 18" en acero inoxidable para baño PMR Ref. 706550001 de Corona o equivalente. Incluye todos los accesorios requeridos para su correcta instalacion y funcionamiento. | D51: UND | E51: 102 | F51: ='Baños y cocinas'!G41 -> 375100 | G51: =+E51*F51 -> 38260200
B52: 9.5 | C52: Dispensador de papel higienico en acero inoxidable antivandálico de cierre con llave Ref. 706670001 de Corona o equivalente. Incluye todos los accesorios requeridos para su correcta instalacion y funcionamiento. | D52: UND | E52: 408 | F52: ='Baños y cocinas'!G51 -> 474200 | G52: =+E52*F52 -> 193473600
B53: 9.6 | C53: Papelera metálica en acero inoxidable Ref. 706630001 de Corona o equivalente. Incluye todos los accesorios requeridos para su correcta instalacion y funcionamiento. | D53: UND | E53: 102 | F53: ='Baños y cocinas'!G63 -> 715000 | G53: =+E53*F53 -> 72930000
B54: 9.7 | C54: Dispensador de jabón expuesto de accionamiento tipo push en acero inoxidable Ref. 706520001 de Corona o equivalente. Incluye todos los accesorios requeridos para su correcta instalacion y funcionamiento. | D54: UND | E54: 204 | F54: ='Baños y cocinas'!G75 -> 617200 | G54: =+E54*F54 -> 125908800
B55: 9.8 | C55: Dispensador de toallas de papel en acero inoxidable Ref. 706150001 de Corona o equivalente. Incluye todos los accesorios requeridos para su correcta instalacion y funcionamiento. | D55: UND | E55: 102 | F55: ='Baños y cocinas'!G87 -> 562000 | G55: =+E55*F55 -> 57324000
B56: 9.9 | C56: Rejilla de piso clasica acero inoxidable 10x10 cm 3x2" anticucarachas de Corona o equivalente | D56: UND | E56: 102 | F56: ='Baños y cocinas'!G99 -> 94100 | G56: =+E56*F56 -> 9598200
B57: 10 | C57: INSTALACIONES HIDROSANITARIAS | H57: =SUM(G58:G77) -> 842761434
B58: 10.1 | C58: Suministro e instalacion tuberia PVC - Presion Ø1 -1/2" | D58: ML | E58: 1020 | F58: ='Instalaciones Hidrosanitarias'!G5 -> 18298 | G58: =+E58*F58 -> 18663960
B59: 10.2 | C59: Suministro e instalacion accesorio PVC-Presion Ø1 - 1/2" | D59: UN | E59: 510 | F59: ='Instalaciones Hidrosanitarias'!G16 -> 14525 | G59: =+E59*F59 -> 7407750
B60: 10.3 | C60: Suministro e instalacion tuberia PVC - Presion Ø1" | D60: ML | E60: 510 | F60: ='Instalaciones Hidrosanitarias'!G28 -> 10029 | G60: =+E60*F60 -> 5114790
B61: 10.4 | C61: Suministro e instalacion accesorio PVC-Presion Ø1" | D61: UN | E61: 408 | F61: ='Instalaciones Hidrosanitarias'!G40 -> 7741 | G61: =+E61*F61 -> 3158328
B62: 10.5 | C62: Suministro e instalacion tuberia PVC - Presion Ø3/4" | D62: ML | E62: 918 | F62: ='Instalaciones Hidrosanitarias'!G50 -> 8320 | G62: =+E62*F62 -> 7637760
B63: 10.6 | C63: Suministro e instalacion accesorio PVC-Presion Ø3/4" | D63: UN | E63: 408 | F63: ='Instalaciones Hidrosanitarias'!G62 -> 6322 | G63: =+E63*F63 -> 2579376
B64: 10.7 | C64: Suministro e instalacion tuberia PVC - Presion Ø1/2" | D64: ML | E64: 1020 | F64: ='Instalaciones Hidrosanitarias'!G74 -> 8871 | G64: =+E64*F64 -> 9048420
B65: 10.8 | C65: Suministro e instalacion accesorio PVC-Presion Ø1/2" | D65: UN | E65: 1530 | F65: ='Instalaciones Hidrosanitarias'!G86 -> 5803 | G65: =+E65*F65 -> 8878590
B66: 10.9 | C66: Punto Hidraulico Ø1/2" | D66: UN | E66: 1020 | F66: ='Instalaciones Hidrosanitarias'!G98 -> 30525 | G66: =+E66*F66 -> 31135500
B67: 10.10 | C67: Suministro e instalacion tuberia PVC - Sanitaria Ø2" | D67: ML | E67: 1530 | F67: ='Instalaciones Hidrosanitarias'!G110 -> 20671 | G67: =+E67*F67 -> 31626630
B68: 10.11 | C68: Suministro e instalacion tuberia PVC - Sanitaria Ø4" | D68: ML | E68: 1530 | F68: ='Instalaciones Hidrosanitarias'!G121 -> 37981 | G68: =+E68*F68 -> 58110930
B69: 10.12 | C69: Suministro e instalacion accesorio PVC-Sanitaria Ø2" | D69: UN | E69: 1275 | F69: ='Instalaciones Hidrosanitarias'!G133 -> 13988 | G69: =+E69*F69 -> 17834700
B70: 10.13 | C70: Suministro e instalacion accesorio PVC-Sanitaria Ø4" | D70: UN | E70: 1275 | F70: ='Instalaciones Hidrosanitarias'!G145 -> 31675 | G70: =+E70*F70 -> 40385625
B71: 10.14 | C71: Punto Sanitario Ø2" | D71: UN | E71: 408 | F71: ='Instalaciones Hidrosanitarias'!G155 -> 56935 | G71: =+E71*F71 -> 23229480
B72: 10.15 | C72: Punto Sanitario Ø4" | D72: UN | E72: 408 | F72: ='Instalaciones Hidrosanitarias'!G167 -> 115837 | G72: =+E72*F72 -> 47261496
B73: 10.16 | C73: Suministro e Instalacion de sifon de piso Ø2" 180° | D73: UN | E73: 408 | F73: 37313 | G73: =+E73*F73 -> 15223704
B74: 10.17 | C74: Caja de inspeccion 0.60*0.60*<1.5 m en mamposteria (incluye excavacion, base en recebo comun, placa en concreto, ladrillo comun, marco en angulo 2 ½” X 2 ½” * 3/16” y tapa reforzada en platina de 3 * 3/16" con parrilla en carilla de 3/8 cada 10 cm.) | D74: UN | E74: 102 | F74: ='Instalaciones Hidrosanitarias'!G191 -> 894770 | G74: =+E74*F74 -> 91266540
B75: 10.18 | C75: Suministro e instalacion de bomba de medio caballo de fuerza, caudal 1 LPS y altura dinamica de 20 MCA | D75: UN | E75: 102 | F75: ='Instalaciones Hidrosanitarias'!G203 -> 1250000 | G75: =+E75*F75 -> 127500000
B76: 10.19 | C76: Tanque de almacenaiento de agua potable de 2000 LTS | D76: UN | E76: 51 | F76: ='Instalaciones Hidrosanitarias'!G214 -> 1181052 | G76: =+E76*F76 -> 60233652
B77: 10.20 | C77: Tanque septico de 2000 LTS y campo de onfiltracion PVC ajover o similar | D77: UN | E77: 51 | F77: ='Instalaciones Hidrosanitarias'!G226 -> 4636553 | G77: =+E77*F77 -> 236464203
B78: 11 | C78: INSTALACIONES ELECTRICAS Y LUMINARIAS | H78: =+SUM(G79:G107) -> 2.6810493e+09
B79: 11.1 | C79: TABLERO ML BAJA TENSION PROTECCION PRINCIPAL 240V, según diagrama unifilar | D79: UN | E79: 51 | F79: ='Instalaciones eléctricas'!G5 -> 10126394 | G79: =+E79*F79 -> 516446094
B80: 11.2 | C80: Tablero TMB 24 ctos (T-N) 2F, 4H, 208V de sobreponer, con barras de neutro y tierra independientes, con puerta y chapa, con espacio para totalizador. Barras internas de cobre según memorias de cálculo, 208V, Icc: 10 kA. + Neutro al 100% + Tierra según tabla 250-94 NTC 2050. Un (1) Interruptor termomagnético(s) en caja moldeada fijo para totalizador de 2x50A, 208V, Icc min: 10 kA. Incluye: interruptor, marcación RETIE, conexión, pruebas y puesta en servicio marca LS o similar. Catorce (14) Interruptor(es) Termomagnético(s) Minibreaker tipo enchufable de 1x20A, 120V, Icc min: 10 kA. Incluye: interruptor, marcación RETIE, conexión, pruebas y puesta en servicio marca LS o similar. | D80: UN | E80: 51 | F80: ='Instalaciones eléctricas'!G16 -> 1443929 | G80: =+E80*F80 -> 73640379
B81: 11.3 | C81: Alimentador principal desde poste o tablero existente hata tablero principal en cuarto tecnico proyecto nuevo en cable de AWG Aluminio AA 8000 XHHW-280°C 750V PE HF LS TC por canalizacion subterranea 2No.4/0 Fase + 1No.1/0 Neutro +1No.2 Tierra. | D81: ML | E81: 306 | F81: ='Instalaciones eléctricas'!G28 -> 203038 | G81: =+E81*F81 -> 62129628
B82: 11.4 | C82: Alimentador Tablero (T-IL), en cable de Cu AWG Cu 80°C 750V PE HF LS TC por tubería y/o canaleta 2No.6 Fase + 1No.6 Neutro +1No.8 Tierra. | D82: ML | E82: 255 | F82: ='Instalaciones eléctricas'!G40 -> 79192 | G82: =+E82*F82 -> 20193960
B83: 11.5 | C83: Tubería conduit PVC de 3/4" | D83: ML | E83: 2040 | F83: ='Instalaciones eléctricas'!G50 -> 8856 | G83: =+E83*F83 -> 18066240
B84: 11.6 | C84: Tubería conduit PVC de 1" | D84: ML | E84: 3060 | F84: ='Instalaciones eléctricas'!G62 -> 10511 | G84: =+E84*F84 -> 32163660
B85: 11.7 | C85: Tubería conduit PVC de 2" enterrada a 0,6m de profundidad | D85: ML | E85: 2550 | F85: ='Instalaciones eléctricas'!G74 -> 33263 | G85: =+E85*F85 -> 84820650
B86: 11.8 | C86: Salida para luminaria led tipo hermetica y de emergencia para sobreponer o suspender. | D86: UN | E86: 612 | F86: ='Instalaciones eléctricas'!G86 -> 226842 | G86: =+E86*F86 -> 138827304
B87: 11.9 | C87: Salidas eléctricas para Interruptor sencillo de 15 A, 120V. Incluye Interruptor sencillo de 15A, accesorios necesarios para su correcta instalación. | D87: UN | E87: 1275 | F87: ='Instalaciones eléctricas'!G98 -> 227479 | G87: =+E87*F87 -> 290035725
B88: 11.10 | C88: Salida eléctrica empotrada para tomacorriente doble sistema regulado color naranja con polo a tierra aislado, monofásico 15A, 125V y según NEMA 5-15R. Incluye toma con placa de nylon, encintada, ducto plastico tipo PVC, cajas plasticas, conductores 12 AWG Cu 80°C 750V PE HF LS TC, y demás accesorios necesarios para su correcta instalación. (Salida promedio de 3 mts). | D88: UN | E88: 510 | F88: ='Instalaciones eléctricas'!G110 -> 110846 | G88: =+E88*F88 -> 56531460
B89: 11.11 | C89: Salidas eléctricas para Interruptor doble de 15 A, 120V. Incluye Interruptor doble de 15A, accesorios necesarios para su correcta instalación. | D89: UN | E89: 408 | F89: ='Instalaciones eléctricas'!G121 -> 136479 | G89: =+E89*F89 -> 55683432
B90: 11.12 | C90: Luminaria led tipo hermetica para sobreponer o suspender, potencia 2x18W, con las siguientes características: norma de fabricacion: NTC 2230 – IEC 60598-1 – IEC 60529 – RETILAP,Cuerpo de la luminaria:Policarbonato traslucido de alta resistencia con fuente LED, difusor auto-extinguible, con empaque de poliuretano, IP:66,CRI ≥ 80%. | D90: UN | E90: 765 | F90: ='Instalaciones eléctricas'!G133 -> 277285 | G90: =+E90*F90 -> 212123025
B91: 11.13 | C91: Luminaria led tipo hermetica para sobreponer o suspender, potencia 2x25W, con las siguientes características: norma de fabricacion: NTC 2230 – IEC 60598-1 – IEC 60529 – RETILAP,Cuerpo de la luminaria:Policarbonato traslucido de alta resistencia con fuente LED, difusor auto-extinguible, con empaque de poliuretano, IP:66,CRI ≥ 80%. | D91: UN | E91: 408 | F91: ='Instalaciones eléctricas'!G145 -> 299440 | G91: =+E91*F91 -> 122171520
B92: 11.14 | C92: Punta captadora en aluminio redondeada en un extremo. Longitud 60 cm, diámetro 16 mm. Incluye base y conexión para conductor | D92: UN | E92: 408 | F92: ='Instalaciones eléctricas'!G155 -> 143461 | G92: =+E92*F92 -> 58532088
B93: 11.15 | C93: Alambron de aluminio, diametro 8mm para anillo superior en cubierta | D93: ML | E93: 3825 | F93: ='Instalaciones eléctricas'!G167 -> 10124 | G93: =+E93*F93 -> 38724300
B94: 11.16 | C94: Conector lineal acero galvanizado para conductores redondos Rd 8-10. con cuatro tornillos hexagonales M6 x 10 | D94: UN | E94: 1275 | F94: ='Instalaciones eléctricas'!G179 -> 14045 | G94: =+E94*F94 -> 17907375
B95: 11.17 | C95: Soporte para anillo superior en poliamida con rosca M8, RD 8 - 10 mm, resistencia a la temperatura de -35 ° C a +90 ° C, altura 30 Mm | D95: UN | E95: 1275 | F95: ='Instalaciones eléctricas'!G191 -> 12281 | G95: =+E95*F95 -> 15658275
B96: 11.18 | C96: Conector variable en aluminio para uniones en T, en cruz y en paralelo. Para conductores redondos Rd 8-10. Montaje rápido mediante un tornillo M10 x 30 de acero inoxidable. Cumple VDE 0185-305 (IEC62305). | D96: UN | E96: 2295 | F96: ='Instalaciones eléctricas'!G203 -> 19928 | G96: =+E96*F96 -> 45734760
B97: 11.19 | C97: Adhesivo elástico universal de base química de polímeros MS. Ideal para metales, diversos plásticos, cerámica, madera, vidrio, piedra y muchos materiales más. Alta fuerza adhesiva sin necesidad de imprimación en aluminio y acero inoxidable. Color Gris .WEICON Ref:Flex 310 M - Clásico | D97: UN | E97: 510 | F97: ='Instalaciones eléctricas'!G214 -> 38517 | G97: =+E97*F97 -> 19643670
B98: 11.20 | C98: Limpiador desengrasante para metales, vidrio, cerámica y muchos plásticos , Previo al empleo de productos a base química de polímeros MS, donde un sustrato grasoso perjudicaría el efecto.WEICON ref.Desengrasante S o similar | D98: UN | E98: 153 | F98: ='Instalaciones eléctricas'!G226 -> 46399 | G98: =+E98*F98 -> 7099047
B99: 11.21 | C99: Base para soporte anillo Clic sin pegante industrial. Para uso en cubiertas con superficie metálica ó plástica totalmente lisa. Obo ref.194 o similar | D99: UN | E99: 510 | F99: ='Instalaciones eléctricas'!G237 -> 14045 | G99: =+E99*F99 -> 7162950
B100: 11.22 | C100: Base para punta de aluminio de 16 mm hasta 1500 dx , Móvil para cubiertas inclinadas. | D100: UN | E100: 408 | F100: ='Instalaciones eléctricas'!G248 -> 18751 | G100: =+E100*F100 -> 7650408
B101: 11.23 | C101: Conector variable bimetálico para uniones en T, en cruz y en paralelo. Para conductores redondos Rd 8-10. Montaje rápido mediante un tornillo M10 x 30 de acero inoxidable. Cumple VDE 0185-305(IEC62305) marca | D101: UN | E101: 408 | F101: ='Instalaciones eléctricas'!G260 -> 19928 | G101: =+E101*F101 -> 8130624
B102: 11.24 | C102: Aviso de Peligro de Bajante de descargas Atmosféricas marca BRADY o similar | D102: UN | E102: 255 | F102: ='Instalaciones eléctricas'!G272 -> 52282 | G102: =+E102*F102 -> 13331910
B103: 11.25 | C103: Tubería IMC de 3/4”para bajantes sobrepuestos en fachada | D103: ML | E103: 2568.6647 | F103: ='Instalaciones eléctricas'!G282 -> 46001 | G103: =+E103*F103 -> 1.1816115e+08
B104: 11.26 | C104: Cable de aluminio desnudo 1/0 AWG, para bajantes | D104: ML | E104: 1530 | F104: ='Instalaciones eléctricas'!G294 -> 14997 | G104: =+E104*F104 -> 22945410
B105: 11.27 | C105: Caja de Pruebas 151X117X67mm Grado de protección: IP66 , Sin halógenos T160 o similar | D105: UN | E105: 408 | F105: ='Instalaciones eléctricas'!G306 -> 89538 | G105: =+E105*F105 -> 36531504
...

Sheet A.P.U Preliminares
B2: ITEM | C2: DESCRIPCIÓN | D2: Unidad | E2: Cantidad | F2: Vlr Unitario | G2: Vlr total
B4: 1 | C4: PRELIMINARES
B5: 1.1 | C5: Localizacion y replanteo edificaciones (medido como el area objeto de construccion) | D5: M2 | G5: =SUM(G7:G14) -> 6073
C6: EQUIPO
C7: Herramienta menor | E7: 1 | F7: 1346 | G7: =+F7*E7 -> 1346
C9: MATERIALES
C11: TRANSPORTE
C12: Transporte | E12: 0.5 | F12: 1300 | G12: =+F12*E12 -> 650
C13: MANO DE OBRA
C14: Cuadrilla AA | D14: HH | E14: 1 | F14: 4077 | G14: =+F14*E14 -> 4077
B15: 1.2 | C15: Demolicion de construcciones existentes hasta nivel de piso. incluye acarreo interno, cargue, transporte y disposicion final de material sobrante en botaderos oficiales. | D15: M2 | G15: =SUM(G17:G26) -> 160327
C16: EQUIPO
C17: Buldozer fiat 14c ripper | D17: HO | E17: 1 | F17: 5000 | G17: =+F17*E17 -> 5000
C19: MATERIALES
C20: Retromartillo | E20: 1 | F20: 50000 | G20: =+F20*E20 -> 50000
C21: Certificación botadero | E21: 1 | F21: 6300 | G21: =+E21*F21 -> 6300
C22: TRANSPORTE
C23: Transporte | E23: 25 | F23: 1300 | G23: =+F23*E23 -> 32500
C24: MANO DE OBRA
C25: cuadrilla | E25: 1 | F25: 66527 | G25: =+F25*E25 -> 66527
D26: 0
B27: 1.3 | C27: Demolicion de concretos enterrados (provision). Incluye acarreo interno, cargue, transporte y disposicion final de material sobrante en botaderos oficiales. | D27: M3 | G27: =SUM(G29:G37) -> 266318
C28: EQUIPO
C29: Buldozer fiat 14c ripper | D29: HO | E29: 1 | F29: 7000 | G29: =+F29*E29 -> 7000
C31: MATERIALES
C32: Retromartillo | E32: 1 | F32: 50000 | G32: =+F32*E32 -> 50000
E33: 1 | F33: 21000 | G33: =+F33*E33 -> 21000
C34: TRANSPORTE
C35: Transporte | E35: 65 | F35: 1300 | G35: =+F35*E35 -> 84500
C36: MANO DE OBRA
C37: Cuadrilla AA | D37: HH | E37: 1 | F37: 103818 | G37: =+F37*E37 -> 103818

Sheet Movimientos de tierra
B2: ITEM | C2: DESCRIPCIÓN | D2: Unidad | E2: Cantidad | F2: Vlr Unitario | G2: Vlr total
B4: 2 | C4: ='PRESUPUESTO GRAL'!C13 -> MOVIMIENTOS DE TIERRA
B5: 2.1 | C5: ='PRESUPUESTO GRAL'!C14 -> Descapote + excavacion masiva para nivelacion e implantacion del proyecto y para tanques de agua con bombeo de aguas freaticas donde aplique. Incluye cargue, transporte y disposicion final en sitios autorizados. Medido en planos | D5: M3 | G5: =SUM(G7:G14) -> 191217
C6: EQUIPO
C7: Motoniveladora 12f | D7: HO | E7: 1 | F7: 47917 | G7: =+F7*E7 -> 47917
C9: MATERIALES
C10: certificacion | E10: 1 | F10: 25000 | G10: =+E10*F10 -> 25000
C11: TRANSPORTE
C12: Transporte | E12: 45 | F12: 1300 | G12: =+F12*E12 -> 58500
C13: MANO DE OBRA
C14: Cuadrilla ofic- ayud tipo aa | D14: HH | E14: 1 | F14: 59800 | G14: =+F14*E14 -> 59800
B15: 2.2 | C15: ='PRESUPUESTO GRAL'!C15 -> Excavacion manual para fundaciones y redes 0-2.00 m. con bombeo de aguas freaticas donde aplique. Incluye transporte interno, cargue y disposicion final en sitios autorizados. Medido en planos | D15: M3 | G15: =SUM(G17:G26) -> 210261
C16: EQUIPO
C17: Motoniveladora 12f | D17: HO | E17: 1 | F17: 62500 | G17: =+F17*E17 -> 62500
C18: Vibro ch 44 con tractor | D18: HO | E18: 1 | F18: 40000 | G18: =+F18*E18 -> 40000
C19: MATERIALES
C20: certificacion | E20: 1 | F20: 25000 | G20: =+E20*F20 -> 25000
C22: TRANSPORTE
C23: Transporte | E23: 47 | F23: 1300 | G23: =+F23*E23 -> 61100
C24: MANO DE OBRA
C25: Hora oficial albañilería | D25: HH | E25: 1 | F25: 21661 | G25: =+F25*E25 -> 21661
B27: 2.3 | C27: Compactacion de subrasante | D27: M2 | G27: =SUM(G29:G37) -> 6765
C28: EQUIPO
C29: Compactadora | E29: 1 | F29: 2350 | G29: =+F29*E29 -> 2350
C30: carrotanque agua | E30: 1 | F30: 400 | G30: =+F30*E30 -> 400
C31: MATERIALES
C34: TRANSPORTE
C35: Transporte | E35: 0.6 | F35: 1300 | G35: =+F35*E35 -> 780
C36: MANO DE OBRA
C37: Cuadrilla ofic- ayud tipo aa | D37: HH | E37: 1 | F37: 3235 | G37: =+F37*E37 -> 3235
B38: 2.4 | C38: ='PRESUPUESTO GRAL'!C17 -> Lleno compactado en material seleccionado para rellenos alrededor de estructuras y redes. Medido en planos | D38: M3 | G38: =SUM(G40:G48) -> 343733
C39: EQUIPO
C40: Motoniveladora 12f | D40: HO | E40: 1 | F40: 62500 | G40: =+F40*E40 -> 62500
C41: Carrotanque | D41: HO | E41: 1 | F41: 23333 | G41: =+F41*E41 -> 23333
C42: Vibro ch 44 con tractor | D42: HO | E42: 1 | F42: 37500 | G42: =+F42*E42 -> 37500
C43: MATERIALES
C44: Relleno seleccionado | E44: 1 | F44: 54000 | G44: =+E44*F44 -> 54000
C45: TRANSPORTE
C46: Transporte | E46: 128 | F46: 1300 | G46: =+F46*E46 -> 166400
C47: MANO DE OBRA
C48: Cuadrilla ofic- ayud tipo aa | D48: HH | E48: 1 | G48: =+F48*E48 -> 0
B49: 2.5 | C49: Lleno compactado en material seleccionado para rellenos alrededor de estructuras y redes. Medido en planos | D49: M3 | G49: =SUM(G51:G61) -> 343733
C50: EQUIPO
C51: Motoniveladora 12f | D51: HO | E51: 1 | F51: 62500 | G51: =+F51*E51 -> 62500
D52: HO | E52: 1 | F52: 23333 | G52: =+F52*E52 -> 23333
C53: Vibro ch 44 con tractor | D53: HO | E53: 1 | F53: 37500 | G53: =+F53*E53 -> 37500
C54: MATERIALES
C55: Relleno seleccionado | E55: 1 | F55: 54000 | G55: =+E55*F55 -> 54000
C57: TRANSPORTE
C58: Transporte | E58: 128 | F58: 1300 | G58: =+F58*E58 -> 166400
C59: MANO DE OBRA
C60: Cuadrilla ofic- ayud tipo aa | D60: HH | E60: 1 | G60: =+F60*E60 -> 0

Sheet Cimentaciones y estructuras
B2: ITEM | C2: DESCRIPCIÓN | D2: Unidad | E2: Cantidad | F2: Vlr Unitario | G2: Vlr total
B4: 3 | C4: ='PRESUPUESTO GRAL'!C19 -> CIMENTACIONES Y ESTRUCTURA
B5: 3.1 | C5: ='PRESUPUESTO GRAL'!C20 -> Armado y vaciado de zapatas y/o dados en concreto F'c 21 Mpa | D5: M3 | G5: =SUM(G7:G16) -> 1190000
C6: EQUIPO
C7: HERRAMIENTA MENOR | E7: 1 | F7: 60000 | G7: =+F7*E7 -> 60000
C8: VIBRADOR DE CONCRETO | D8: HR | E8: 1 | F8: 210000 | G8: =+F8*E8 -> 210000
C9: EQUIPO FORMALETA | E9: 1 | F9: 90000 | G9: =+F9*E9 -> 90000
C10: MATERIALES
C11: concreto | E11: 1 | F11: 450000 | G11: =+F11*E11 -> 450000
C12: TRANSPORTE
C13: Transporte | E13: 1 | F13: 120000 | G13: =+E13*F13 -> 120000
C14: MANO DE OBRA
C15: Cuadrilla | D15: DIA | E15: 1 | F15: 260000 | G15: =+F15*E15 -> 260000
B17: 3.2 | C17: ='PRESUPUESTO GRAL'!C21 -> Armado y vaciado de vigas de cimentacion en concreto F'c=21 Mpa. Formaleteadas. | D17: M3 | G17: =SUM(G19:G29) -> 1250000
C18: EQUIPO
C19: Herramienta menor | E19: 1 | F19: 60000 | G19: =+F19*E19 -> 60000
C20: Equipo formaleta | E20: 1 | F20: 250000 | G20: =+F20*E20 -> 250000
C21: Vidrador concreto | E21: 1 | F21: 90000 | G21: =+F21*E21 -> 90000
C22: MATERIALES
C23: Concreto | E23: 1 | F23: 450000 | G23: =+E23*F23 -> 450000
C25: TRANSPORTE
C26: Transporte | E26: 1 | F26: 120000 | G26: =+E26*F26 -> 120000
C27: MANO DE OBRA
C28: Cuadrilla | D28: DIA | E28: 1 | F28: 280000 | G28: =+F28*E28 -> 280000
B30: 3.3 | C30: ='PRESUPUESTO GRAL'!C22 -> Armado y vaciado de vigas de amarre sobre muro en concreto F'c=21 Mpa. Formaleteadas. | D30: M3 | G30: =SUM(G32:G42) -> 1440000
C31: EQUIPO
C32: Herramienta menor | D32: HR | E32: 1 | F32: 80000 | G32: =+F32*E32 -> 80000
C33: Equipo formaleta + andamios | D33: HR | E33: 1 | F33: 350000 | G33: =+F33*E33 -> 350000
C34: Vidrador concreto | D34: HR | E34: 1 | F34: 90000 | G34: =+F34*E34 -> 90000
C35: MATERIALES
C36: Concreto | E36: 1 | F36: 450000 | G36: =+E36*F36 -> 450000
C38: TRANSPORTE
C39: Transporte | E39: 1 | F39: 120000 | G39: =+E39*F39 -> 120000
C40: MANO DE OBRA
C41: Cuadrilla | D41: DIA | E41: 1 | F41: 350000 | G41: =+F41*E41 -> 350000
B43: 3.4 | C43: ='PRESUPUESTO GRAL'!C23 -> Solado en concreto f'c 14 mpa E: 0.05 m. | D43: M2 | G43: =SUM(G45:G52) -> 128900
C44: EQUIPO | D44: |
C45: Herramienta menor | E45: 1 | F45: 64500 | G45: =+F45*E45 -> 64500
C47: MATERIALES
C48: Concreto | E48: 1 | F48: 31500 | G48: =+F48*E48 -> 31500
C49: TRANSPORTE
C50: Transporte | E50: 1 | F50: 8400 | G50: =+E50*F50 -> 8400
C51: MANO DE OBRA
C52: Cuadrilla ofic- ayud tipo aa | D52: HH | E52: 1 | F52: 24500 | G52: =+F52*E52 -> 24500
B53: 3.5 | C53: ='PRESUPUESTO GRAL'!C24 -> Losa de contrapiso en concreto F'c 21 Mpa. E: 0.10 m | D53: M2 | G53: =SUM(G55:G64) -> 304000
C54: EQUIPO
C55: Herramienta menor | E55: 1 | F55: 101000 | G55: =+F55*E55 -> 101000
C57: MATERIALES
C58: Concreto 3000 psi | E58: 1 | F58: 87500 | G58: =+F58*E58 -> 87500
C60: TRANSPORTE
C61: Transporte | E61: 1 | F61: 33000 | G61: =+E61*F61 -> 33000
C62: MANO DE OBRA
C63: Cuadrilla ofic- ayud tipo aa | D63: HH | E63: 1 | F63: 82500 | G63: =+F63*E63 -> 82500
B65: 3.6 | C65: ='PRESUPUESTO GRAL'!C25 -> Armado + vaciado de columnetas de confinaiento en concreto visto F'c 21 Mpa. | D65: M3 | G65: =SUM(G67:G77) -> 1480000
C66: EQUIPO
C67: Herramienta menor | D67: HR | E67: 1 | F67: 20000 | G67: =+F67*E67 -> 20000
C68: Equipo formaleta + andamios+puntales | D68: HR | E68: 1 | F68: 350000 | G68: =+F68*E68 -> 350000
C69: Vidrador concreto | D69: HR | E69: 1 | F69: 90000 | G69: =+F69*E69 -> 90000
C70: MATERIALES
C71: Concreto 3000 psi | D71: M3 | E71: 1 | F71: 470000 | G71: =+F71*E71 -> 470000
C73: TRANSPORTE
C74: Transporte | E74: 1 | F74: 120000 | G74: =+E74*F74 -> 120000
C75: MANO DE OBRA
C76: Cuadrilla | D76: DIA | E76: 1 | F76: 430000 | G76: =+F76*E76 -> 430000
B78: 3.7 | C78: ='PRESUPUESTO GRAL'!C26 -> Armado y vaciado de rampa en concreto visto F'c 21 Mpa. | D78: M3 | G78: =SUM(G80:G90) -> 1530000
C79: EQUIPO
C80: Herramienta menor | D80: HR | E80: 1 | F80: 20000 | G80: 20000
C81: Equipo formaleta + andamios+puntales | D81: HR | E81: 1 | F81: 350000 | G81: 350000
C82: Vidrador concreto | D82: HR | E82: 1 | F82: 90000 | G82: 90000
C83: MATERIALES
C84: Concreto 3000 psi | D84: M3 | E84: 1 | F84: 470000 | G84: =+F84*E84 -> 470000
C86: TRANSPORTE
C87: Transporte | E87: 1 | F87: 120000 | G87: =+E87*F87 -> 120000
C88: MANO DE OBRA
C89: Cuadrilla | D89: DIA | E89: 1 | F89: 480000 | G89: =+F89*E89 -> 480000
B91: 3.8 | C91: ='PRESUPUESTO GRAL'!C27 -> Suministro e instalación de acero figurado fy 420 Mpa | D91: KG | G91: =SUM(G93:G103) -> 11650
C92: EQUIPO
C93: Herramienta menor | D93: HR | E93: 1 | F93: 1500 | G93: =+F93*E93 -> 1500
C94: Trozadora + planta | E94: 1 | F94: 1000 | G94: =+F94*E94 -> 1000
C96: MATERIALES
C97: acero | E97: 1 | F97: 6500 | G97: =+E97*F97 -> 6500
C98: alambre | E98: 1 | F98: 650 | G98: =+E98*F98 -> 650
C99: TRANSPORTE
C100: Transporte | E100: 0 | F100: 1300 | G100: =+E100*F100 -> 0
C101: MANO DE OBRA
C102: Ayudante | D102: DIA | E102: 1 | F102: 2000 | G102: =+F102*E102 -> 2000
B104: 3.9 | C104: ='PRESUPUESTO GRAL'!C28 -> Suministro e instalación de mallas electrosoldadas fy 493 Mpa | D104: KG | G104: =SUM(G106:G115) -> 14400
C105: EQUIPO
C106: Herramienta menor | D106: HR | E106: 1 | F106: 1500 | G106: =+F106*E106 -> 1500
C107: Trozadora + planta | E107: 1 | F107: 1000 | G107: =+F107*E107 -> 1000
C108: MATERIALES
C109: acero | E109: 1 | F109: 9000 | G109: =+E109*F109 -> 9000
C110: alambre | E110: 1 | F110: 900 | G110: =+E110*F110 -> 900
C111: TRANSPORTE
C112: Transporte | E112: 0 | F112: 1300 | G112: =+E112*F112 -> 0
C113: MANO DE OBRA
C114: Ayudante | D114: DIA | E114: 1 | F114: 2000 | G114: =+F114*E114 -> 2000

Sheet Estructura Metálica
B2: ITEM | C2: DESCRIPCIÓN | D2: Unidad | E2: Cantidad | F2: Vlr Unitario | G2: Vlr total
B4: 4 | C4: ='PRESUPUESTO GRAL'!C29 -> ESTRUCTURA METALICA
B5: 4.1 | C5: ='PRESUPUESTO GRAL'!C30 -> Suministro e instalación de estructuras metálicas para cubiertas. Incluye perfiles, platinas, pernos, anclajes, soldaduras y accesorios acorde con el diseño estructural. Incluye limpieza mecanica, pintura anticorrosiva y pintura de acabado de acabado final según planos estructurales. | D5: KG | G5: =SUM(G7:G16) -> 42700
C6: EQUIPO
C7: Andamios+lineas vida+anclajes | D7: HR | E7: 1 | F7: 4000 | G7: =+E7*F7 -> 4000
C8: Herramienta menor | D8: HR | E8: 1 | F8: 2000 | G8: =+E8*F8 -> 2000
C9: Equipo corte+soldador+planta+compresor | D9: HR | E9: 1 | F9: 3000 | G9: =+E9*F9 -> 3000
C10: MATERIALES
C11: PERFIL C 220x80x2.0mm | D11: und | E11: 1 | F11: 22000 | G11: =+F11*E11 -> 22000
C12: TRANSPORTE
C13: Transporte | E13: 4 | F13: 1300 | G13: =+E13*F13 -> 5200
C14: MANO DE OBRA
C15: CUADRILLA OFIC-AYUD TIPO AA | D15: HH | E15: 1 | F15: 6500 | G15: =+F15*E15 -> 6500

Sheet Cubiertas
B2: ITEM | C2: DESCRIPCIÓN | D2: Unidad | E2: Cantidad | F2: Vlr Unitario | G2: Vlr total
B4: 5 | C4: PRELIMINARES
B5: 5.1 | C5: ='PRESUPUESTO GRAL'!C32 -> Cubierta en teja termo acústica en UPVC (policroruro de vinilo no plastificado) con núcleo de polímero alto de fibra de carbono y recubrimiento en PMMA, color blanco. Incluye transporte y todos los accesorios requeridos para su correcta instalacion y funcionamiento. | D5: M2 | G5: =SUM(G7:G15) -> 211350
C6: EQUIPO
C7: Herramienta menor | E7: 1 | F7: 20000 | G7: =+F7*E7 -> 20000
C8: Andamios | E8: 1 | F8: 25000 | G8: =+F8*E8 -> 25000
C9: MATERIALES
C10: Cubierta | E10: 1 | F10: 75000 | G10: =+F10*E10 -> 75000
C11: Accesorios cubierta | E11: 1 | F11: 11250 | G11: =+F11*E11 -> 11250
C12: TRANSPORTE
C13: Transporte | E13: 27 | F13: 1300 | G13: =+E13*F13 -> 35100
C14: MANO DE OBRA | E14: ,
C15: CUADRILLA OFIC-AYUD TIPO AA | D15: HH | E15: 1 | F15: 45000 | G15: =+F15*E15 -> 45000
B16: 5.2 | C16: ='PRESUPUESTO GRAL'!C33 -> Mortero pendientado cubiertas. Mortero impermeabilizado 1:4. Incluye medias cañas perimetrales para remates de impermeabilizacion. | D16: M2 | G16: =SUM(G18:G27) -> 192540
C17: EQUIPO
C18: Vibrador eléctrico conc | D18: DI | E18: 1 | F18: 74340 | G18: =+F18*E18 -> 74340
C19: Mezcladroa 9" c/op | D19: DI | E19: 1 | F19: 65000 | G19: =+F19*E19 -> 65000
C20: MATERIALES
C23: TRANSPORTE
C24: Transporte | E24: 11 | F24: 1300 | G24: =+E24*F24 -> 14300
C25: MANO DE OBRA
C26: Cuadrilla AA | D26: HH | E26: 1 | F26: 38900 | G26: =+F26*E26 -> 38900
B28: 5.3 | C28: ='PRESUPUESTO GRAL'!C34 -> Cielo raso plano en drywall, incluye estructura de soporte en aluminio instalado y pintado | D28: M2 | G28: =SUM(G30:G38) -> 109000
C29: EQUIPO
C30: PERFIL C 220x80x2.0mm | D30: UND | E30: 1 | F30: 29000 | G30: =+F30*E30 -> 29000
C32: MATERIALES
C33: Lamina drywall | E33: 1 | F33: 25000 | G33: =+E33*F33 -> 25000
C34: Perfiles+angulos+omegas+tormillos | E34: 1 | F34: 20000 | G34: =+E34*F34 -> 20000
C35: TRANSPORTE
C36: Transporte | E36: 10 | F36: 1300 | G36: =+E36*F36 -> 13000
C37: MANO DE OBRA
C38: CUADRILLA OFIC-AYUD TIPO AA | D38: HH | E38: 1 | F38: 22000 | G38: =+F38*E38 -> 22000

Sheet Mamposteria
B2: ITEM | C2: DESCRIPCIÓN | D2: Unidad | E2: Cantidad | F2: Vlr Unitario | G2: Vlr total
B4: 6 | C4: ='PRESUPUESTO GRAL'!C35 -> MAMPOSTERIA, DIVISIONES Y ELEMENTOS NO ESTRUCTURALES
B5: 6.1 | C5: ='PRESUPUESTO GRAL'!C36 -> Muro en bloque Bloque cemento 10x19x39cm. Muros divisorios y machones. Incluye refuerzo horizontal y remates laterales en poron + sellador tipo Sikaflex de Sika o equivalente. | D5: M2 | G5: =SUM(G7:G19) -> 224540
C6: EQUIPO
C7: Herramienta menor | D7: HR | E7: 1 | F7: 15000 | G7: =+F7*E7 -> 15000
C8: Andamios | D8: HR | E8: 1 | F8: 25000 | G8: =+F8*E8 -> 25000
C9: Trozadora+planta | D9: HR | E9: 1 | F9: 15000 | G9: =+F9*E9 -> 15000
C10: MATERIALES
C11: Bloque cemento | E11: 1 | F11: 56000 | G11: =+F11*E11 -> 56000
C12: Mortero pega | E12: 1 | F12: 17640 | G12: =+F12*E12 -> 17640
C13: Sellador sika | E13: 1 | F13: 25000 | G13: =+F13*E13 -> 25000
C14: Acero | E14: 1 | F14: 4500 | G14: =+F14*E14 -> 4500
C15: TRANSPORTE
C16: Transporte | E16: 28 | F16: 1300 | G16: =+E16*F16 -> 36400
C17: MANO DE OBRA
C18: Oficial | D18: DIA | E18: 1 | F18: 20000 | G18: =+F18*E18 -> 20000
C19: Ayudante | D19: DIA | E19: 1 | F19: 10000 | G19: =+F19*E19 -> 10000
B20: 6.2 | C20: ='PRESUPUESTO GRAL'!C37 -> Sobrecimiento en bloque de concreto formato 10x19x40 color gris f'm 12 Mpa. 1 hilada. Incluye pañete con mortero 1:4 con impermeabilizante integral Sika 1 de Sika o equivalente | D20: ML | G20: =SUM(G22:G33) -> 73740
C21: EQUIPO
C22: Herramienta menor | E22: 1 | F22: 4000 | G22: =+F22*E22 -> 4000
C23: Andamios | E23: 1 | F23: 10000 | G23: =+F23*E23 -> 10000
C24: Trozadora+planta | E24: 1 | F24: 5000 | G24: =+F24*E24 -> 5000
C25: MATERIALES
C26: Bloque cemento | E26: 1 | F26: 16000 | G26: =+F26*E26 -> 16000
C27: Mortero pega | E27: 1 | F27: 5040 | G27: =+F27*E27 -> 5040
C28: Sellador sika | E28: 1 | F28: 12000 | G28: =+F28*E28 -> 12000
C29: TRANSPORTE
C30: Transporte | E30: 9 | F30: 1300 | G30: =+E30*F30 -> 11700
C31: MANO DE OBRA
C32: Oficial | D32: DIA | E32: 1 | F32: 5000 | G32: =+F32*E32 -> 5000
C33: Ayudante | D33: DIA | E33: 1 | F33: 5000 | G33: =+F33*E33 -> 5000

Sheet Recubrimientos
B2: ITEM | C2: DESCRIPCIÓN | D2: Unidad | E2: Cantidad | F2: Vlr Unitario | G2: Vlr total
B4: 7 | C4: ='PRESUPUESTO GRAL'!C38 -> RECUBRIMIENTOS
B5: 7.1 | C5: ='PRESUPUESTO GRAL'!C39 -> Pañete de muros. Incluye lineales, fajas, filetes y ranuras. | D5: M3 | G5: =SUM(G7:G16) -> 56400
C6: EQUIPO
C7: Andamios | D7: DIA | E7: 1 | F7: 8000 | G7: =+F7*E7 -> 8000
C8: Mezcladora | E8: 1 | F8: 6000 | G8: =+F8*E8 -> 6000
C9: Herramienta menor | E9: 1 | F9: 5000 | G9: =+F9*E9 -> 5000
C10: MATERIALES
C11: Cemento Portland tipo I. | D11: UND | E11: 1 | F11: 12000 | G11: =+F11*E11 -> 12000
C12: TRANSPORTE
C13: Transporte | E13: 8 | F13: 1300 | G13: =+F13*E13 -> 10400
C14: MANO DE OBRA
C15: Oficial de albañileria | D15: HH | E15: 1 | F15: 15000 | G15: =+F15*E15 -> 15000
B17: 7.2 | C17: ='PRESUPUESTO GRAL'!C40 -> Estuco plastico muros. Incluye fajas, filetes y ranuras | D17: M3 | G17: =SUM(G19:G28) -> 44300
C18: EQUIPO
C19: Andamios | E19: 1 | F19: 8000 | G19: =+F19*E19 -> 8000
C20: Herramienta menor | E20: 1 | F20: 4500 | G20: =+F20*E20 -> 4500
C21: MATERIALES
C22: Estuco | E22: 1 | F22: 9000 | G22: =+F22*E22 -> 9000
C24: TRANSPORTE
C25: Transporte | E25: 6 | F25: 1300 | G25: =+F25*E25 -> 7800
C26: MANO DE OBRA
C27: Oficial de albañileria | D27: HH | E27: 1 | F27: 15000 | G27: =+F27*E27 -> 15000
B29: 7.3 | C29: ='PRESUPUESTO GRAL'!C41 -> Pintura muros con pintura tipo 1 para interiores de alta durabilidad - tres manos. Colores según detalle de arquitectura. | D29: M3 | G29: =SUM(G31:G39) -> 41200
C30: EQUIPO
C31: Andamios | E31: 1 | F31: 5000 | G31: =+F31*E31 -> 5000
C32: Herramienta menor | E32: 1 | F32: 3000 | G32: =+F32*E32 -> 3000
C33: MATERIALES
C34: Pintura tipo 1 | E34: 1 | F34: 16000 | G34: =+F34*E34 -> 16000
C36: TRANSPORTE
C37: Transporte | E37: 4 | F37: 1300 | G37: =+F37*E37 -> 5200
C38: MANO DE OBRA
C39: Ayudante | D39: DIA | E39: 1 | F39: 12000 | G39: =+F39*E39 -> 12000
B41: 7.4 | C41: ='PRESUPUESTO GRAL'!C42 -> Pintura muros pintura acrilica base de agua para exteriores de alta durabilidad - tres manos. Colores según detalle de arquitectura. | D41: M2 | G41: =SUM(G43:G50) -> 59800
C42: EQUIPO | D42: |
C43: Andamios | E43: 1 | F43: 5000 | G43: =+F43*E43 -> 5000
C44: Herramienta menor | E44: 1 | F44: 3000 | G44: =+F44*E44 -> 3000
C45: MATERIALES
C46: Pintura acrilica | D46: UND | E46: 1 | F46: 24000 | G46: =+F46*E46 -> 24000
C47: TRANSPORTE
C48: Transporte | E48: 6 | F48: 1300 | G48: =+F48*E48 -> 7800
C49: MANO DE OBRA
C50: Cuadrilla ofic- ayud tipo aa | D50: HH | E50: 1 | F50: 20000 | G50: =+F50*E50 -> 20000
B51: 7.5 | C51: ='PRESUPUESTO GRAL'!C43 -> Nomenclatura de acceso a aulas y baños. Pictograma de 0.70x1.20 m. según detalle de arquitectura. Pintura acrilica base de agua para exteriores de alta durabilidad - tres manos. | D51: UND | G51: =SUM(G53:G62) -> 66500
C52: EQUIPO
C53: Herramienta menor | E53: 1 | F53: 5000 | G53: =+F53*E53 -> 5000
C56: Pintura acrilica | D56: UND | E56: 1 | F56: 30000 | G56: =+F56*E56 -> 30000
C58: TRANSPORTE
C59: Transporte | E59: 5 | F59: 1300 | G59: =+F59*E59 -> 6500
C60: MANO DE OBRA
C61: Cuadrilla ofic- ayud tipo aa | D61: HH | E61: 1 | F61: 25000 | G61: =+F61*E61 -> 25000
B63: 7.6 | C63: ='PRESUPUESTO GRAL'!C44 -> Enchape en baños y cocina. Cerámica color blanco formato 20.5x20.5 cm de Corona o equivalente segun detalle de arquitectura. Incluye adhesivo y boquilla de base cementosa tipo Pegacor Cerámico y Concolor Junta Universal de Corona o equivalente + remate superior en moldura PVC según detalle de arquitectura. | D63: M2 | G63: =SUM(G65:G75) -> 127900
C64: EQUIPO
C65: Herramienta menor | E65: 1 | F65: 12000 | G65: =+F65*E65 -> 12000
C66: Cortadora | E66: 1 | F66: 5000 | G66: =+F66*E66 -> 5000
C67: MATERIALES
C68: Enchape | D68: UND | E68: 1 | F68: 54200 | G68: =+F68*E68 -> 54200
C69: Pegacor | D69: UND | E69: 1 | F69: 15000 | G69: =+F69*E69 -> 15000
C70: Juntas | D70: UND | E70: 1 | F70: 10000 | G70: =+F70*E70 -> 10000
C71: TRANSPORTE
C72: Transporte | E72: 9 | F72: 1300 | G72: =+F72*E72 -> 11700
C73: MANO DE OBRA
C75: Ayudante | D75: DIA | E75: 1 | F75: 20000 | G75: =+F75*E75 -> 20000

Sheet Pisos y zocalos 
B2: ITEM | C2: DESCRIPCIÓN | D2: Unidad | E2: Cantidad | F2: Vlr Unitario | G2: Vlr total
B4: 8 | C4: ='PRESUPUESTO GRAL'!C45 -> PISOS Y ZOCALOS
B5: 8.1 | C5: ='PRESUPUESTO GRAL'!C46 -> Piso en concreto pulido y enducrecido. Concreto F'c 28 Mpa - E: 0.10 m. con endurecedor de cuarzo tipo Sikafloor 3 Quartz top color gris claro. Pulido con allanadora de piso y dilataciones cortadas segun detalle de arquitectura | D5: M2 | G5: =SUM(G7:G19) -> 243500
C6: EQUIPO
C7: Herramienta menor | E7: 1 | F7: 10000 | G7: =+F7*E7 -> 10000
C8: Allanadora de piso | E8: 1 | F8: 15000 | G8: =+F8*E8 -> 15000
C9: Cortadora pavimento+disco | E9: 1 | F9: 20000 | G9: =+F9*E9 -> 20000
C10: Rieles | E10: 1 | F10: 10000 | G10: =+F10*E10 -> 10000
C11: MATERIALES
C12: Concreto 28mpa | E12: 1 | F12: 66000 | G12: =+F12*E12 -> 66000
C13: Antisol | E13: 1 | F13: 20000 | G13: =+F13*E13 -> 20000
C14: Sikafloor | D14: M3 | E14: 1 | F14: 25000 | G14: =+F14*E14 -> 25000
C15: TRANSPORTE
C16: Transporte | E16: 25 | F16: 1300 | G16: =+F16*E16 -> 32500
C17: MANO DE OBRA
C18: Oficial | D18: DIA | E18: 1 | F18: 25000 | G18: =+F18*E18 -> 25000
C19: Ayudante | D19: DIA | E19: 1 | F19: 20000 | G19: =+F19*E19 -> 20000

Sheet Baños y cocinas
B2: ITEM | C2: DESCRIPCIÓN | D2: Unidad | E2: Cantidad | F2: Vlr Unitario | G2: Vlr total
B4: 9 | C4: ='PRESUPUESTO GRAL'!C47 -> BAÑOS Y COCINAS
B5: 9.1 | C5: ='PRESUPUESTO GRAL'!C48 -> Orinal Ref. O43101001 Gotta Entrada posterior con válvula antivandálica de empotrar tipo push Ref.: 751290001 color blanco de Corona o equivalente. Incluye todos los accesorios requeridos para su correcta instalacion y funcionamiento. | D5: UND | G5: =SUM(G7:G15) -> 1467000
C6: EQUIPO
C7: Herramienta menor | E7: 1 | F7: 150000 | G7: =+F7*E7 -> 150000
C9: MATERIALES
C10: Orinal Ref. O43101001 | D10: UND | E10: 1 | F10: 700000 | G10: =+F10*E10 -> 700000
C11: TRANSPORTE
C12: Transporte | E12: 90 | F12: 1300 | G12: =+F12*E12 -> 117000
C13: MANO DE OBRA
C14: Ayudante | D14: DIA | E14: 1 | F14: 500000 | G14: =+F14*E14 -> 500000
B16: 9.2 | C16: ='PRESUPUESTO GRAL'!C49 -> Sanitario para baño PMR Ref.: 013191001 Taza Adriatica entrada posterior color blanco con válvula antivandálica de empotrar tipo push Ref. 751250001 de Corona o equivalente. Incluye todos los accesorios requeridos para su correcta instalacion y funcionamiento. | D16: UND | G16: =SUM(G19:G28) -> 1431300
C17: EQUIPO
C18: Herramienta menor | E18: 1 | F18: 150000 | G18: =+F18*E18 -> 150000
G19: =+F19*E19 -> 0
C20: MATERIALES
C21: Sanitario | D21: UND | E21: 1 | F21: 900000 | G21: =+F21*E21 -> 900000
C22: Cemento blanco | E22: 1 | F22: 30000 | G22: =+F22*E22 -> 30000
C24: TRANSPORTE
C25: Transporte | E25: 1 | F25: 1300 | G25: =+F25*E25 -> 1300
C26: MANO DE OBRA
C28: Ayudante | D28: DIA | E28: 1 | F28: 500000 | G28: =+F28*E28 -> 500000
B29: 9.3 | C29: ='PRESUPUESTO GRAL'!C50 -> Grifería para lavamanos institucional Ref. MX1020001 Push Mesa Max de Corona o equivalente con sistema push antivandálico. Incluye todos los accesorios para su instalacion y correcto funcionamiento. | D29: UND | G29: =SUM(G31:G40) -> 551300
C30: EQUIPO
C31: Herramienta menor | E31: 1 | F31: 100000 | G31: =+F31*E31 -> 100000
C33: MATERIALES
C34: Griferia para lavamanos Institucional | D34: UND | E34: 1 | F34: 250000 | G34: =+F34*E34 -> 250000
C36: TRANSPORTE
C37: Transporte | E37: 1 | F37: 1300 | G37: =+F37*E37 -> 1300
C38: MANO DE OBRA
C40: Cuadrilla | D40: DIA | E40: 1 | F40: 200000 | G40: =+F40*E40 -> 200000
B41: 9.4 | C41: ='PRESUPUESTO GRAL'!C51 -> Barras de seguridad recta de 18" en acero inoxidable para baño PMR Ref. 706550001 de Corona o equivalente. Incluye todos los accesorios requeridos para su correcta instalacion y funcionamiento. | D41: UND | G41: =SUM(G43:G50) -> 375100
C42: EQUIPO
C43: Herramienta menor | E43: 1 | F43: 40000 | G43: =+F43*E43 -> 40000
C45: MATERIALES
C46: Barras de seguridad recta de 18° | D46: UND | E46: 1 | F46: 200000 | G46: =+F46*E46 -> 200000
C47: TRANSPORTE
C48: Transporte | E48: 27 | F48: 1300 | G48: =+F48*E48 -> 35100
C49: MANO DE OBRA
C50: Ayudante | D50: DIA | E50: 1 | F50: 100000 | G50: =+F50*E50 -> 100000
B51: 9.5 | C51: ='PRESUPUESTO GRAL'!C52 -> Dispensador de papel higienico en acero inoxidable antivandálico de cierre con llave Ref. 706670001 de Corona o equivalente. Incluye todos los accesorios requeridos para su correcta instalacion y funcionamiento. | D51: UND | G51: =SUM(G53:G62) -> 474200
C52: EQUIPO
C53: Herramienta menor | E53: 1 | F53: 40000 | G53: =+F53*E53 -> 40000
C55: MATERIALES
C56: Dispensador de papel higienico en acero | D56: UND | E56: 1 | F56: 240000 | G56: =+F56*E56 -> 240000
C58: TRANSPORTE
C59: Transporte | E59: 34 | F59: 1300 | G59: =+F59*E59 -> 44200
C60: MANO DE OBRA
C61: Ayudante | D61: DIA | E61: 1 | F61: 150000 | G61: =+F61*E61 -> 150000
B63: 9.6 | C63: ='PRESUPUESTO GRAL'!C53 -> Papelera metálica en acero inoxidable Ref. 706630001 de Corona o equivalente. Incluye todos los accesorios requeridos para su correcta instalacion y funcionamiento. | D63: UND | G63: =SUM(G65:G74) -> 715000
C64: EQUIPO
C65: Herramienta menor | E65: 1 | F65: 60000 | G65: =+F65*E65 -> 60000
C67: MATERIALES
C68: Papelera metálica en acero inoxidable | D68: UND | E68: 1 | F68: 290000 | G68: =+F68*E68 -> 290000
C70: TRANSPORTE
C71: Transporte | E71: 50 | F71: 1300 | G71: =+F71*E71 -> 65000
C72: MANO DE OBRA
C74: Ayudante | D74: DIA | E74: 1 | F74: 300000 | G74: =+F74*E74 -> 300000
B75: 9.7 | C75: ='PRESUPUESTO GRAL'!C54 -> Dispensador de jabón expuesto de accionamiento tipo push en acero inoxidable Ref. 706520001 de Corona o equivalente. Incluye todos los accesorios requeridos para su correcta instalacion y funcionamiento. | D75: UND | G75: =SUM(G77:G86) -> 617200
C76: EQUIPO
C77: Herramienta menor | E77: 1 | F77: 60000 | G77: =+F77*E77 -> 60000
C79: MATERIALES
C80: Dispensador de jabón expuesto de accionamiento push | D80: UND | E80: 1 | F80: 200000 | G80: =+F80*E80 -> 200000
C82: TRANSPORTE
C83: Transporte | E83: 44 | F83: 1300 | G83: =+F83*E83 -> 57200
C84: MANO DE OBRA
C86: Ayudante | D86: DIA | E86: 1 | F86: 300000 | G86: =+F86*E86 -> 300000
B87: 9.8 | C87: ='PRESUPUESTO GRAL'!C55 -> Dispensador de toallas de papel en acero inoxidable Ref. 706150001 de Corona o equivalente. Incluye todos los accesorios requeridos para su correcta instalacion y funcionamiento. | D87: UND | G87: =SUM(G89:G98) -> 562000
C88: EQUIPO
C89: Herramienta menor | E89: 1 | F89: 60000 | G89: =+F89*E89 -> 60000
C91: MATERIALES
C92: Dispensador de toallas de papel | D92: UND | E92: 1 | F92: 300000 | G92: =+F92*E92 -> 300000
C94: TRANSPORTE
C95: Transporte | E95: 40 | F95: 1300 | G95: =+F95*E95 -> 52000
C96: MANO DE OBRA
C97: Ayudante | D97: DIA | E97: 1 | F97: 150000 | G97: =+F97*E97 -> 150000
B99: 9.9 | C99: ='PRESUPUESTO GRAL'!C56 -> Rejilla de piso clasica acero inoxidable 10x10 cm 3x2" anticucarachas de Corona o equivalente | D99: UND | G99: =SUM(G101:G110) -> 94100
C100: EQUIPO
C101: Herramienta menor | E101: 1 | F101: 5000 | G101: =+F101*E101 -> 5000
C103: MATERIALES
C104: Rejilla de piso 10x10cm | D104: UND | E104: 1 | F104: 50000 | G104: =+F104*E104 -> 50000
C106: TRANSPORTE
C107: Transporte | E107: 7 | F107: 1300 | G107: =+F107*E107 -> 9100
C108: MANO DE OBRA
C109: Ayudante | D109: DIA | E109: 1 | F109: 30000 | G109: =+F109*E109 -> 30000

Sheet Instalaciones Hidrosanitarias
B2: ITEM | C2: DESCRIPCIÓN | D2: Unidad | E2: Cantidad | F2: Vlr Unitario | G2: Vlr total
B4: 10 | C4: ='PRESUPUESTO GRAL'!C57 -> INSTALACIONES HIDROSANITARIAS
B5: 10.1 | C5: Suministro e instalacion tuberia PVC - Presion Ø1 -1/2" | D5: ML | G5: =SUM(G8:G15) -> 18298
C6: EQUIPO
C9: MATERIALES
C10: tuberia PVC - Presion Ø1 -1/2" | D10: UND | E10: 1 | F10: 11250 | G10: =+F10*E10 -> 11250
C11: TRANSPORTE
C12: Transporte | E12: 1 | F12: 1300 | G12: =+E12*F12 -> 1300
C13: MANO DE OBRA
C14: Ayudante | D14: DIA | E14: 1 | F14: 5748 | G14: =+F14*E14 -> 5748
B16: 10.2 | C16: Suministro e instalacion accesorio PVC-Presion Ø1 - 1/2" | D16: UND | G16: =SUM(G19:G27) -> 14525
C17: EQUIPO
G19: =+F19*E19 -> 0
C20: MATERIALES
C21: accesorio PVC-Presion Ø1 - 1/2" | D21: UND | E21: 1 | F21: 9400 | G21: =+F21*E21 -> 9400
C23: TRANSPORTE
C24: Transporte | E24: 1 | F24: 1300 | G24: =+E24*F24 -> 1300
C25: MANO DE OBRA
C27: Ayudante | D27: DIA | E27: 1 | F27: 3825 | G27: =+F27*E27 -> 3825
B28: 10.3 | C28: Suministro e instalacion tuberia PVC - Presion Ø1" | D28: ML | G28: =SUM(G30:G39) -> 10029
C29: EQUIPO
C32: MATERIALES
C33: Suministro e instalacion tuberia PVC - Presion Ø1" | D33: UND | E33: 1 | F33: 6729 | G33: =+F33*E33 -> 6729
C35: TRANSPORTE
C36: Transporte | E36: 1 | F36: 1300 | G36: =+E36*F36 -> 1300
C37: MANO DE OBRA
C39: Ayudante | D39: DIA | E39: 1 | F39: 2000 | G39: =+F39*E39 -> 2000
B40: 10.4 | C40: Suministro e instalacion accesorio PVC-Presion Ø1" | D40: UND | G40: =SUM(G42:G49) -> 7741
C41: EQUIPO
C44: MATERIALES
C45: accesorio PVC-Presion Ø1" | D45: UND | E45: 1 | F45: 4441 | G45: =+F45*E45 -> 4441
C46: TRANSPORTE
C47: Transporte | E47: 1 | F47: 1300 | G47: =+E47*F47 -> 1300
C48: MANO DE OBRA
C49: Ayudante | D49: DIA | E49: 1 | F49: 2000 | G49: =+F49*E49 -> 2000
B50: 10.5 | C50: Suministro e instalacion tuberia PVC - Presion Ø3/4" | D50: ML | G50: =SUM(G52:G61) -> 8320
C51: EQUIPO
C54: MATERIALES
C55: tuberia PVC - Presion Ø3/4" | D55: UND | E55: 1 | F55: 5020 | G55: =+F55*E55 -> 5020
C57: TRANSPORTE
C58: Transporte | E58: 1 | F58: 1300 | G58: =+E58*F58 -> 1300
C59: MANO DE OBRA
C60: Ayudante | D60: DIA | E60: 1 | F60: 2000 | G60: =+F60*E60 -> 2000
B62: 10.6 | C62: Suministro e instalacion accesorio PVC-Presion Ø3/4" | D62: UND | G62: =SUM(G64:G73) -> 6322
C63: EQUIPO
C66: MATERIALES
C67: accesorio PVC-Presion Ø3/4" | D67: UND | E67: 1 | F67: 4022 | G67: =+F67*E67 -> 4022
C69: TRANSPORTE
C70: Transporte | E70: 1 | F70: 1300 | G70: =+E70*F70 -> 1300
C71: MANO DE OBRA
C73: Ayudante | D73: DIA | E73: 1 | F73: 1000 | G73: =+F73*E73 -> 1000
B74: 10.7 | C74: Suministro e instalacion tuberia PVC - Presion Ø1/2" | D74: ML | G74: =SUM(G76:G85) -> 8871
C75: EQUIPO
C78: MATERIALES
C79: tuberia PVC - Presion Ø1/2" | D79: UND | E79: 1 | F79: 5571 | G79: =+F79*E79 -> 5571
C81: TRANSPORTE
C82: Transporte | E82: 1 | F82: 1300 | G82: =+E82*F82 -> 1300
C83: MANO DE OBRA
C85: Ayudante | D85: DIA | E85: 1 | F85: 2000 | G85: =+F85*E85 -> 2000
B86: 10.8 | C86: Suministro e instalacion accesorio PVC-Presion Ø1/2" | D86: UND | G86: =SUM(G88:G97) -> 5803
C87: EQUIPO
C90: MATERIALES
C91: accesorio PVC-Presion Ø1/2" | D91: UND | E91: 1 | F91: 3503 | G91: =+F91*E91 -> 3503
C93: TRANSPORTE
C94: Transporte | E94: 1 | F94: 1300 | G94: =+E94*F94 -> 1300
C95: MANO DE OBRA
C96: Ayudante | D96: DIA | E96: 1 | F96: 1000 | G96: =+F96*E96 -> 1000
B98: 10.9 | C98: Punto Hidraulico Ø1/2" | D98: UND | G98: =SUM(G100:G109) -> 30525
C99: EQUIPO
C102: MATERIALES
C103: Punto Hidraulico Ø1/2" | D103: UND | E103: 1 | F103: 20225 | G103: =+F103*E103 -> 20225
C105: TRANSPORTE
C106: Transporte | E106: 1 | F106: 1300 | G106: =+E106*F106 -> 1300
C107: MANO DE OBRA
C108: Ayudante | D108: DIA | E108: 1 | F108: 9000 | G108: =+F108*E108 -> 9000
B110: 10.1 | C110: Suministro e instalacion tuberia PVC - Sanitaria Ø2" | D110: ML | G110: =SUM(G113:G120) -> 20671
C111: EQUIPO
C114: MATERIALES
C115: tuberia PVC - Sanitaria Ø2" | D115: UND | E115: 1 | F115: 13371 | G115: =+F115*E115 -> 13371
C116: TRANSPORTE
C117: Transporte | E117: 1 | F117: 1300 | G117: =+E117*F117 -> 1300
C118: MANO DE OBRA
C119: Ayudante | D119: DIA | E119: 1 | F119: 6000 | G119: =+F119*E119 -> 6000
B121: 10.11 | C121: Suministro e instalacion tuberia PVC - Sanitaria Ø4" | D121: ML | G121: =SUM(G124:G132) -> 37981
C122: EQUIPO
C125: MATERIALES
C126: tuberia PVC - Sanitaria Ø4" | D126: UND | E126: 1 | F126: 29681 | G126: =+F126*E126 -> 29681
C128: TRANSPORTE
C129: Transporte | E129: 1 | F129: 1300 | G129: =+E129*F129 -> 1300
C130: MANO DE OBRA
C132: Ayudante | D132: DIA | E132: 1 | F132: 7000 | G132: =+F132*E132 -> 7000
B133: 10.12 | C133: Suministro e instalacion accesorio PVC-Sanitaria Ø2" | D133: UND | G133: =SUM(G135:G144) -> 13988
C134: EQUIPO
C137: MATERIALES
C138: accesorio PVC-Sanitaria Ø2" | D138: UND | E138: 1 | F138: 8688 | G138: =+F138*E138 -> 8688
C140: TRANSPORTE
C141: Transporte | E141: 1 | F141: 1300 | G141: =+E141*F141 -> 1300
C142: MANO DE OBRA
C144: Ayudante | D144: DIA | E144: 1 | F144: 4000 | G144: =+F144*E144 -> 4000
B145: 10.13 | C145: Suministro e instalacion accesorio PVC-Sanitaria Ø4" | D145: UND | G145: =SUM(G147:G154) -> 31675
...

Sheet Instalaciones eléctricas
B2: ITEM | C2: DESCRIPCIÓN | D2: Unidad | E2: Cantidad | F2: Vlr Unitario | G2: Vlr total
B4: 11 | C4: ='PRESUPUESTO GRAL'!C78 -> INSTALACIONES ELECTRICAS Y LUMINARIAS
B5: 11.1 | C5: TABLERO ML BAJA TENSION PROTECCION PRINCIPAL 240V, según diagrama unifilar | D5: UND | G5: =SUM(G8:G15) -> 10126394
C6: EQUIPO
C9: MATERIALES
C10: TABLERO ML BAJA TENSION | D10: UND | E10: 1 | F10: 9125094 | G10: =+F10*E10 -> 9125094
C11: TRANSPORTE
C12: Transporte | E12: 1 | F12: 1300 | G12: =+E12*F12 -> 1300
C13: MANO DE OBRA
C14: Cuadrilla tipo bb plo-elect | D14: HH | E14: 1 | F14: 1000000 | G14: =+F14*E14 -> 1000000
B16: 11.2 | C16: Tablero TMB 24 ctos (T-N) 2F, 4H, 208V de sobreponer, con barras de neutro y tierra independientes, con puerta y chapa, con espacio para totalizador. | D16: UND | G16: =SUM(G19:G27) -> 1443929
C17: EQUIPO
G19: =+F19*E19 -> 0
C20: MATERIALES
C21: Tablero TMB 24 ctos | D21: UND | E21: 1 | F21: 842629 | G21: =+F21*E21 -> 842629
C23: TRANSPORTE
C24: Transporte | E24: 1 | F24: 1300 | G24: =+E24*F24 -> 1300
C25: MANO DE OBRA
C27: Cuadrilla tipo bb plo-elect | D27: HH | E27: 1 | F27: 600000 | G27: =+F27*E27 -> 600000
B28: 11.3 | C28: Alimentador principal desde poste o tablero existente hata tablero principal en cuarto tecnico proyecto nuevo en cable de AWG Aluminio AA 8000 XHHW-280°C 750V PE HF LS TC por canalizacion subterranea 2No.4/0 Fase + 1No.1/0 Neutro +1No.2 Tierra. | D28: ML | G28: =SUM(G30:G39) -> 203038
C29: EQUIPO
C32: MATERIALES
C33: Alimentador principal desde poste | D33: UND | E33: 1 | F33: 181738 | G33: =+F33*E33 -> 181738
C35: TRANSPORTE
C36: Transporte | E36: 1 | F36: 1300 | G36: =+E36*F36 -> 1300
C37: MANO DE OBRA
C39: Cuadrilla tipo bb plo-elect | D39: HH | E39: 1 | F39: 20000 | G39: =+F39*E39 -> 20000
B40: 11.4 | C40: Alimentador Tablero (T-IL), en cable de Cu AWG Cu 80°C 750V PE HF LS TC por tubería y/o canaleta 2No.6 Fase + 1No.6 Neutro +1No.8 Tierra. | D40: ML | G40: =SUM(G42:G49) -> 79192
C41: EQUIPO
C44: MATERIALES
C45: Alimentador Tablero (T-IL), en cable de Cu AWG Cu 80°C 750V | D45: UND | E45: 1 | F45: 52400 | G45: =+F45*E45 -> 52400
C46: TRANSPORTE
C47: Transporte | E47: 1 | F47: 1300 | G47: =+E47*F47 -> 1300
C48: MANO DE OBRA
C49: Cuadrilla tipo bb plo-elect | D49: HH | E49: 1 | F49: 25492 | G49: =+F49*E49 -> 25492
B50: 11.5 | C50: Tubería conduit PVC de 3/4" | D50: ML | G50: =SUM(G52:G61) -> 8856
C51: EQUIPO
C54: MATERIALES
C55: Tubería conduit PVC de 3/4" | D55: UND | E55: 1 | F55: 3778 | G55: =+F55*E55 -> 3778
C57: TRANSPORTE
C58: Transporte | E58: 1 | F58: 1300 | G58: =+E58*F58 -> 1300
C59: MANO DE OBRA
C60: Cuadrilla tipo bb plo-elect | D60: HH | E60: 1 | F60: 3778 | G60: =+F60*E60 -> 3778
B62: 11.6 | C62: Tubería conduit PVC de 1" | D62: ML | G62: =SUM(G64:G73) -> 10511
C63: EQUIPO
C66: MATERIALES
C67: Tubería conduit PVC de 1" | D67: UND | E67: 1 | F67: 8211 | G67: =+F67*E67 -> 8211
C69: TRANSPORTE
C70: Transporte | E70: 1 | F70: 1300 | G70: =+E70*F70 -> 1300
C71: MANO DE OBRA
C73: Cuadrilla tipo bb plo-elect | D73: HH | E73: 1 | F73: 1000 | G73: =+F73*E73 -> 1000
B74: 11.7 | C74: Tubería conduit PVC de 2" enterrada a 0,6m de profundidad | D74: ML | G74: =SUM(G76:G85) -> 33263
C75: EQUIPO
C78: MATERIALES
C79: tuberia PVC - Presion Ø1/2" | D79: UND | E79: 1 | F79: 25400 | G79: =+F79*E79 -> 25400
C81: TRANSPORTE
C82: Transporte | E82: 1 | F82: 1300 | G82: =+E82*F82 -> 1300
C83: MANO DE OBRA
C85: Cuadrilla tipo bb plo-elect | D85: HH | E85: 1 | F85: 6563 | G85: =+F85*E85 -> 6563
B86: 11.8 | C86: Salida para luminaria led tipo hermetica y de emergencia para sobreponer o suspender. | D86: UND | G86: =SUM(G88:G97) -> 226842
C87: EQUIPO
C90: MATERIALES
C91: Salida para luminaria led tipo hermetica | D91: UND | E91: 1 | F91: 105640 | G91: =+F91*E91 -> 105640
C93: TRANSPORTE
C94: Transporte | E94: 1 | F94: 1300 | G94: =+E94*F94 -> 1300
C95: MANO DE OBRA
C96: Cuadrilla tipo bb plo-elect | D96: HH | E96: 1 | F96: 119902 | G96: =+F96*E96 -> 119902
B98: 11.9 | C98: Salidas eléctricas para Interruptor sencillo de 15 A, 120V. Incluye Interruptor sencillo de 15A, accesorios necesarios para su correcta instalación. | D98: UND | G98: =SUM(G100:G109) -> 227479
C99: EQUIPO
C102: MATERIALES
C103: Salidas eléctricas para Interruptor sencillo de 15 A, 120V. | D103: UND | E103: 1 | F103: 129670 | G103: =+F103*E103 -> 129670
C105: TRANSPORTE
C106: Transporte | E106: 1 | F106: 1300 | G106: =+E106*F106 -> 1300
C107: MANO DE OBRA
C108: Cuadrilla tipo bb plo-elect | D108: HH | E108: 1 | F108: 96509 | G108: =+F108*E108 -> 96509
B110: 11.1 | C110: Salida eléctrica empotrada para tomacorriente doble sistema regulado color naranja con polo a tierra aislado, monofásico 15A, 125V y según NEMA 5-15R. Incluye toma con placa de nylon, encintada, ducto plastico tipo PVC, cajas plasticas, conductores 12 AWG Cu 80°C 750V PE HF LS TC, y demás accesorios necesarios para su correcta instalación. (Salida promedio de 3 mts). | D110: UND | G110: =SUM(G113:G120) -> 110846
C111: EQUIPO
C114: MATERIALES
C115: Salida eléctrica empotrada para tomacorriente doble | D115: UND | E115: 1 | F115: 89500 | G115: =+F115*E115 -> 89500
C116: TRANSPORTE
C117: Transporte | E117: 1 | F117: 1300 | G117: =+E117*F117 -> 1300
C118: MANO DE OBRA
C119: Cuadrilla tipo bb plo-elect | D119: HH | E119: 1 | F119: 20046 | G119: =+F119*E119 -> 20046
B121: 11.11 | C121: Salidas eléctricas para Interruptor doble de 15 A, 120V. Incluye Interruptor doble de 15A, accesorios necesarios para su correcta instalación. | D121: UND | G121: =SUM(G124:G132) -> 136479
C122: EQUIPO
C125: MATERIALES
C126: Salidas eléctricas para Interruptor doble de 15 A, 120V. | D126: UND | E126: 1 | F126: 75800 | G126: =+F126*E126 -> 75800
C128: TRANSPORTE
C129: Transporte | E129: 1 | F129: 1300 | G129: =+E129*F129 -> 1300
C130: MANO DE OBRA
C132: Cuadrilla tipo bb plo-elect | D132: HH | E132: 1 | F132: 59379 | G132: =+F132*E132 -> 59379
B133: 11.12 | C133: Luminaria led tipo hermetica para sobreponer o suspender, potencia 2x18W, con las siguientes características: norma de fabricacion: NTC 2230 – IEC 60598-1 – IEC 60529 – RETILAP,Cuerpo de la luminaria:Policarbonato traslucido de alta resistencia con fuente LED, difusor auto-extinguible, con empaque de poliuretano, IP:66,CRI ≥ 80%. | D133: UND | G133: =SUM(G135:G144) -> 277285
C134: EQUIPO
C137: MATERIALES
C138: Luminaria led tipo hermetica para sobreponer o suspender, potencia 2x18W | D138: UND | E138: 1 | F138: 176300 | G138: =+F138*E138 -> 176300
C140: TRANSPORTE
C141: Transporte | E141: 1 | F141: 1300 | G141: =+E141*F141 -> 1300
C142: MANO DE OBRA
C144: Cuadrilla tipo bb plo-elect | D144: HH | E144: 1 | F144: 99685 | G144: =+F144*E144 -> 99685
B145: 11.13 | C145: ='PRESUPUESTO GRAL'!C91 -> Luminaria led tipo hermetica para sobreponer o suspender, potencia 2x25W, con las siguientes características: norma de fabricacion: NTC 2230 – IEC 60598-1 – IEC 60529 – RETILAP,Cuerpo de la luminaria:Policarbonato traslucido de alta resistencia con fuente LED, difusor auto-extinguible, con empaque de poliuretano, IP:66,CRI ≥ 80%. | D145: UND | G145: =SUM(G147:G154) -> 299440
...

Sheet Puertas y ventanas
B2: ITEM | C2: DESCRIPCIÓN | D2: Unidad | E2: Cantidad | F2: Vlr Unitario | G2: Vlr total
B4: 12 | C4: ='PRESUPUESTO GRAL'!C108 -> PUERTAS Y VENTANAS
B5: 12.1 | C5: Puerta acceso 100x200 | D5: UND | G5: =SUM(G7:G17) -> 543888
C6: EQUIPO
C7: Puerta Machi 91-100 UN 1.000 | D7: UND | E7: 1 | F7: 256071 | G7: =+F7*E7 -> 256071
C9: MATERIALES
C10: Moldura jamba 3x3 | D10: UND | E10: 1 | F10: 89000 | G10: =+F10*E10 -> 89000
C11: Marco puerta cedro 15 | D11: UND | E11: 1 | F11: 75000 | G11: =+F11*E11 -> 75000
C12: Bisagras 3" pala ancha | D12: UND | E12: 1 | F12: 58400 | G12: =+F12*E12 -> 58400
C13: TRANSPORTE
C14: Transporte | E14: 1 | F14: 1300 | G14: =+E14*F14 -> 1300
C15: MANO DE OBRA
C16: Cuadrilla tipo DD Carpint | D16: HH | E16: 1 | F16: 64117 | G16: =+F16*E16 -> 64117
B18: 12.2 | C18: Puerta acceso triplex 100x200 | D18: UND | G18: =SUM(G20:G30) -> 477323
C19: EQUIPO
C20: Puerta eco 91-100 | D20: UND | E20: 1 | F20: 138495 | G20: =+F20*E20 -> 138495
C22: MATERIALES
C23: Moldura jamba 3x3 | D23: UND | E23: 1 | F23: 105000 | G23: =+F23*E23 -> 105000
C24: Marco puerta cedro 15 | D24: UND | E24: 1 | F24: 64200 | G24: =+F24*E24 -> 64200
C25: Bisagras 3" pala ancha | D25: UND | E25: 1 | F25: 79820 | G25: =+F25*E25 -> 79820
C26: TRANSPORTE
C27: Transporte | E27: 1 | F27: 1300 | G27: =+E27*F27 -> 1300
C28: MANO DE OBRA
C30: Cuadrilla tipo DD Carpint | D30: HH | E30: 1 | F30: 88508 | G30: =+F30*E30 -> 88508
B31: 12.3 | C31: Puerta madera 90x200 | D31: UND | G31: =SUM(G33:G42) -> 539856
C32: EQUIPO
C35: MATERIALES
C36: Puerta entab chingale | D36: UND | E36: 1 | F36: 252039 | G36: =+F36*E36 -> 252039
C37: Moldura jamba 3x3 | D37: UND | E37: 1 | F37: 186000 | G37: =+F37*E37 -> 186000
C38: TRANSPORTE
C39: Transporte | E39: 1 | F39: 1300 | G39: =+E39*F39 -> 1300
C40: MANO DE OBRA
C42: Cuadrilla tipo DD Carpint | D42: HH | E42: 1 | F42: 100517 | G42: =+F42*E42 -> 100517
B43: 12.4 | C43: Puerta fortec 80x200 | D43: ML | G43: =SUM(G45:G54) -> 330166
C44: EQUIPO
C47: MATERIALES
C48: Puerta fortec I.S. 81-90 | D48: UND | E48: 1 | F48: 42349 | G48: =+F48*E48 -> 42349
C49: Marco puerta cedro 15 | D49: UND | E49: 1 | F49: 70500 | G49: =+F49*E49 -> 70500
C50: Bisagras 3" pala ancha | D50: UND | E50: 1 | F50: 111000 | G50: =+F50*E50 -> 111000
C51: TRANSPORTE
C52: Transporte | E52: 1 | F52: 1300 | G52: =+E52*F52 -> 1300
C53: MANO DE OBRA
C54: Cuadrilla tipo bb plo-elect | D54: HH | E54: 1 | F54: 105017 | G54: =+F54*E54 -> 105017
B55: 12.5 | C55: Desmonte de puertas | G55: =SUM(G57:G65) -> 27466
C56: EQUIPO
C59: MATERIALES
C61: TRANSPORTE
C62: Transporte | E62: 1 | F62: 1300 | G62: =+E62*F62 -> 1300
C63: MANO DE OBRA
C64: Cuadrilla tipo bb plo-elect | D64: HH | E64: 1 | F64: 26166 | G64: =+F64*E64 -> 26166
B66: 12.6 | C66: Ventana 5020 200x100 | D66: UND | G66: =SUM(G68:G76) -> 350857
C67: EQUIPO
C70: MATERIALES
C71: Vent 5020 200x100 2H | D71: UND | E71: 1 | F71: 310905 | G71: =+F71*E71 -> 310905
C72: TRANSPORTE
C73: Transporte | E73: 1 | F73: 1300 | G73: =+E73*F73 -> 1300
C74: MANO DE OBRA
C76: Cuadrilla tipo DD Carpint | D76: HH | E76: 1 | F76: 38652 | G76: =+F76*E76 -> 38652
B77: 12.7 | C77: Ventana 5020 200x100 3H | D77: ML | G77: =SUM(G79:G87) -> 256464
C78: EQUIPO
C81: MATERIALES
C82: Vent 5020 200x100 3H | D82: UND | E82: 1 | F82: 216512 | G82: =+F82*E82 -> 216512
C83: TRANSPORTE
C84: Transporte | E84: 1 | F84: 1300 | G84: =+E84*F84 -> 1300
C85: MANO DE OBRA
C87: Cuadrilla tipo DD Carpint | D87: HH | E87: 1 | F87: 38652 | G87: =+F87*E87 -> 38652
B88: 12.8 | C88: Ventana 5020 100x100 2H | D88: UND | G88: =SUM(G90:G98) -> 228322
C89: EQUIPO
C92: MATERIALES
C93: Vent 5020 100x100 2H | D93: HH | E93: 1 | F93: 188370 | G93: =+F93*E93 -> 188370
C94: TRANSPORTE
C95: Transporte | E95: 1 | F95: 1300 | G95: =+E95*F95 -> 1300
C96: MANO DE OBRA
C97: Cuadrilla tipo DD Carpint | D97: HH | E97: 1 | F97: 38652 | G97: =+F97*E97 -> 38652
B99: 12.9 | C99: Ventana 744 100x100 2H | D99: UND | G99: =SUM(G101:G109) -> 227114
C100: EQUIPO
C103: MATERIALES
C104: Vent 744 100x100 2H | D104: UND | E104: 1 | F104: 187162 | G104: =+F104*E104 -> 187162
C105: TRANSPORTE
C106: Transporte | E106: 1 | F106: 1300 | G106: =+E106*F106 -> 1300
C107: MANO DE OBRA
C108: Cuadrilla tipo DD Carpint | D108: HH | E108: 1 | F108: 38652 | G108: =+F108*E108 -> 38652
B110: 12.1 | C110: Vent 744 200x100 2H | D110: UND | G110: =SUM(G113:G120) -> 419107
C111: EQUIPO
C114: MATERIALES
C115: Vent 744 200x100 2H | D115: UND | E115: 1 | F115: 379155 | G115: =+F115*E115 -> 379155
C116: TRANSPORTE
C117: Transporte | E117: 1 | F117: 1300 | G117: =+E117*F117 -> 1300
C118: MANO DE OBRA
C119: Cuadrilla tipo DD Carpint | D119: HH | E119: 1 | F119: 38652 | G119: =+F119*E119 -> 38652
B121: 12.11 | C121: Desmonte ventanas inc.vidrios | D121: UND | G121: =SUM(G124:G132) -> 30438
C122: EQUIPO
C125: MATERIALES
C128: TRANSPORTE
C129: Transporte | E129: 1 | F129: 1300 | G129: =+E129*F129 -> 1300
C130: MANO DE OBRA
C132: Cuadrilla tipo DD Carpint | D132: HH | E132: 1 | F132: 29138 | G132: =+F132*E132 -> 29138
B272: 50982
